 Dungeon Crawl Stone Soup version 0.29.1-13-g9f3cf754e1 (webtiles) character file.

Game seed: 10943846308824523353

228 Vulpanium the Ducker (level 6, 0/48 HPs)
             Began as a Human Monk on Jan 22, 2023.
             Frozen to death by an endoplasm (4 damage)
             ... on level 4 of the Dungeon.
             The game lasted 00:13:53 (5433 turns).

Vulpanium the Ducker (Human Monk)                   Turns: 5433, Time: 00:13:53

Health: 0/48       AC:  7    Str: 13    XL:     6   Next: 22%
Magic:  6/6        EV: 10    Int: 10    God:
Gold:   73         SH:  0    Dex: 16    Spells: 5/5 levels left

rFire   . . .      SeeInvis .   m - +0 hand axe
rCold   . . .      Faith    .   (no shield)
rNeg    . . .      Spirit   .   t - +0 scale mail
rPois   .          Reflect  .   (no helmet)
rElec   .          Harm     .   (no cloak)
rCorr   .          Rampage  .   (no gloves)
Will    .....                   x - +0 pair of boots
Stlth   +.........              (no amulet)
HPRegen 0.16/turn               (no ring)
MPRegen 0.10/turn               (no ring)

@: no status effects
A: no striking features
a: no special abilities


You were on level 4 of the Dungeon.
You visited 1 branch of the dungeon, and saw 4 of its levels.

You collected 124 gold pieces.
You spent 51 gold pieces at shops.

Inventory:

Hand Weapons
 m - a +0 hand axe (weapon)
Missiles
 i - 34 stones (quivered)
Armour
 t - a +0 scale mail (worn)
 x - a +0 pair of boots (worn)
Jewellery
 a - a ring of wizardry
 n - a ring of fire
 C - an amulet of regeneration
Wands
 j - a wand of charming (1)
 w - a wand of iceblast (8)
Scrolls
 d - a scroll of silence {unknown}
 e - a scroll of enchant armour {unknown}
 f - 2 scrolls of blinking {unknown}
 h - 2 scrolls of poison {unknown}
 l - a scroll of brand weapon {unknown}
 p - 2 scrolls of fear {unknown}
 q - 3 scrolls of identify
 s - a scroll of teleportation {unknown}
 y - a scroll of butterflies {unknown}
Potions
 b - a potion of ambrosia
 c - 2 potions of attraction {unknown}
 g - 3 potions of magic
 k - a potion of brilliance {unknown}
 o - a potion of curing {unknown}
 r - a potion of berserk rage {unknown}
 u - a potion of might {unknown}
 v - a potion of degeneration {unknown}
 z - a potion of heal wounds {unknown}
 A - a potion of haste {unknown}
 B - a potion of mutation {unknown}


   Skills:
 + Level 3.9 Fighting
 - Level 0.8 Short Blades
 * Level 3.2 Axes
 + Level 1.5 Armour
 + Level 4.0 Dodging
 + Level 2.4 Stealth
 - Level 3.0 Unarmed Combat


You had 5 spell levels left.
You didn't know any spells.
Your spell library contained the following spells:

 Spells                   Type           Power      Damage    Failure   Level
 Sandblast                Erth           0%         2d4       87%         1
 Passwall                 Tmut/Erth      0%         N/A       95%         2
 Stone Arrow              Conj/Erth      0%         3d7       99%         3


Dungeon Overview and Level Annotations

Branches:
Dungeon (4/15)
 Temple: D:4-7

Altars:

Shops:
D:2 (=


Message History

You hit the orc.
The orc is moderately wounded.
You hit the orc but do no damage. You closely miss the orc.
The orc hits you but does no damage. The orc barely misses you.
The orc hits you but does no damage.
An endoplasm comes into view.
You hit the orc but do no damage.
The orc is lightly wounded.
You hit the orc but do no damage. x2; The orc barely misses you.
The orc hits you but does no damage. The orc hits you with a +0 flail.
The orc hits you with a +0 hand axe.
* * * LOW HITPOINT WARNING * * *
The orc hits you but does no damage. The orc barely misses you.
You hit the orc but do no damage. You hit the orc.
You hit the orc but do no damage. The orc misses you.
The orc hits you but does no damage. x2
You hit the orc but do no damage. x3; The orc hits you with a +0 hand axe.
* * * LOW HITPOINT WARNING * * *
The orc barely misses you. The orc hits you with a +0 flail.
* * * LOW HITPOINT WARNING * * *
You hit the orc but do no damage. You closely miss the orc.
You hit the orc but do no damage. The orc hits you but does no damage. x3
You hit the orc.
The orc is lightly wounded.
You hit the orc. x2
You kill the orc!
The orc closely misses you. The orc hits you but does no damage.
You slash the orc!
You kill the orc!
You hit the orc but do no damage. You hit the endoplasm.
The endoplasm freezes you.
You are frozen.
* * * LOW HITPOINT WARNING * * *
The orc hits you but does no damage.
As you read the scroll labelled OXAUJE HITAFRE, it crumbles to dust.
It is a scroll of identify.
g - 3 potions of magic The endoplasm freezes you.
You are frozen.
You die...

###..........#.....###
#..............#.†...##
..............##......#
...............#......#.<
#..........#.............
#...<.#####......###....
#.....#####.#...## ....
##..)........#.)).# ...
#........###.#..@)# ..
...............oJ.#
.........#.##...........
.#......####.......##...
.##...### #.........# #
#......####....##..#
#.......# #....# ...
................ ..#.
.##............. ..#..


You could see an orc and an endoplasm.

Vanquished Creatures
  A scorpion (D:3)
  2 orc priests (D:4)
  2 adders
  A worm (D:3)
  6 dart slugs (D:3)
  9 orcs
  3 ball pythons
  8 bats
  5 endoplasms
  A giant cockroach (D:2)
  6 hobgoblins
  6 jackals
  2 kobolds
  2 quokkas
  5 frilled lizards
  4 goblins
  8 rats
71 creatures vanquished.

Vanquished Creatures (others)
  5 demonic plants (D:2)
  4 fungi (D:2)
  9 plants
  4 withered plants (D:2)
22 creatures vanquished.

Grand Total: 93 creatures vanquished

Notes
Turn   | Place    | Note
-------+----------+-------------------------------------------
     0 | D:1      | Vulpanium the Human Monk began the quest for the Orb.
     0 | D:1      | Reached XP level 1. HP: 18/18 MP: 1/1
   426 | D:1      | Reached XP level 2. HP: 24/24 MP: 2/2
  1208 | D:1      | Reached XP level 3. HP: 29/29 MP: 3/3
  2380 | D:2      | Found Lilif's One-of-a-Kind Rings.
  2845 | D:2      | Found a faded altar of an unknown god.
  2885 | D:2      | Reached XP level 4. HP: 30/36 MP: 4/4
  3117 | D:2      | Found Ryset's Antique Weapon Boutique.
  3120 | D:2      | Bought a hand axe for 51 gold pieces
  3892 | D:3      | Reached skill level 1 in Axes
  4919 | D:3      | Reached XP level 5. HP: 40/42 MP: 5/5
  5048 | D:3      | HP: 2/42 [scorpion (2)]
  5054 | D:3      | HP: 1/42 [scorpion (1)]
  5058 | D:3      | Reached skill level 1 in Armour
  5424 | D:4      | Reached skill level 4 in Dodging
  5424 | D:4      | Reached XP level 6. HP: 16/48 MP: 6/6
  5433 | D:4      | Frozen to death by an endoplasm

Illustrated notes

Levels and vault maps discovered:
D:1:      onia_arrival_mini_maze, layout_basic, serial_forest,
          infiniplex_forest_straight_3, infiniplex_forest_corner_2,
          infiniplex_forest_end_1, infiniplex_forest_end_2,
          infiniplex_forest_lined_3, infiniplex_forest_join,
          infiniplex_forest_lined_4_way, infiniplex_forest_zigzag_2, st_stairs_6
D:2:      layout_basic, shapermc_ecumenical_altar_gd, serial_shops,
          nicolae_shop_behind_doors, nicolae_shop_unique_rings
D:3:      kennysheep_slugbush, layout_loops_cross
D:4:      layout_cave_pools, kennysheep_donut, skrybe_limestone_x

Skill      XL: |  1  2  3  4  5  6 |
---------------+-------------------+-----
Axes           | 1 2 3 |  3.2
Armour         | 1 |  1.5
Dodging        | 4 |  4.0
Fighting       | |  3.9
Short Blades   | |  0.8
Stealth        | |  2.4
Unarmed Combat | |  3.0

Action                   |  1- 3 |  4- 6 || total
-------------------------+-------+-------++-------
Melee: Dagger            |   211 |    19 ||   230
       Unarmed           |     6 |       ||     6
       Punch             |     5 |     7 ||    12
       Hand axe          |       |   132 ||   132
Evoke: Wand              |       |     1 ||     1
  Use: Scroll            |       |     1 ||     1
 Stab: Sleeping          |     3 |     1 ||     4
Armor: Robe              |     9 |       ||     9
       Ring mail         |    57 |    48 ||   105
       Scale mail        |       |    41 ||    41
Dodge: Dodged            |   129 |   130 ||   259
